 Dungeon Crawl Stone Soup version 0.27.0-1-g7a089689b8 (webtiles) character file.

Game seed: 3263161965192593216

636578 trm the Metallomancer (level 27, -3/198 HPs)
             Began as a Demonspawn Conjurer on Aug 5, 2021.
             Was an Initiate of Gozag.
             Slain by Comao the pandemonium lord (52 damage)
             ... on level 18 of a ziggurat on Aug 8, 2021.
             The game lasted 03:48:01 (105145 turns).

trm the Metallomancer (Demonspawn Conjurer)       Turns: 105145, Time: 03:48:02

Health: -3/198     AC: 14    Str: 17      XL:     27
Magic:  45/69      EV: 17    Int: 37      God:    Gozag
Gold:   3125       SH:  8    Dex: 14 (15) Spells: 3/56 levels left

rFire    + + +     SeeInvis .   d - staff of earth
rCold    + + +     Faith    .   c - +3 buckler {rC+ rF+}
rNeg     . . .     Spirit   .   h - +2 troll leather armour of Defiance {rC+ Regen+ MP+9 Dex+2}
rPois    .         Reflect  .   F - +1 hat of Anaesthesia {rElec Str+3}
rElec    +         Harm     .   V - scarf {rC+ rF+}
rCorr    +         Rampage  .   o - +2 pair of gloves
Will     ++...     Rnd*Rage +   (boots unavailable)
Stlth    ++........             L - amulet "Peono" {Regen+ MP+9}
HPRegen  2.43/turn              Y - +6 ring of intelligence
MPRegen  0.41/turn              l - ring of Otatwovo {rCorr MP+9 Str+6}

@: brilliant, unable to read, gold aura, very slightly contaminated, hasted,
studying 2 skills, very quick
A: hooves 3, molten scales 3, ignite blood 3, spiny 3, augmentation 3, berserk
2, deformed body, deterioration 2, shaggy fur 1, subdued magic 1, inability to
read while threatened
}: 2/15 runes: barnacled, gossamer
a: Renounce Religion, Potion Petition, Call Merchant, Bribe Branch


You were on level 18 of a ziggurat.
You worshipped Gozag.
Gozag was most pleased with you.
You visited 9 branches of the dungeon, and saw 44 of its levels.
You visited the Abyss 1 time.
You visited 1 bazaar.
You visited 1 ziggurat, and saw 18 of its levels.
You also visited: Trove, Ossuary, Gauntlet and Volcano.

You collected 28383 gold pieces.
You spent 7404 gold pieces at shops.
You paid 17854 gold pieces to Gozag.

Inventory:

Hand Weapons
 a - a +9 eveningstar of flaming
 b - the +8 flail of Earthquakes {protect, +Rage Int+7 SInv}
   (You found it on level 3 of the Lair of Beasts)

   It grants its wielder temporary protection when it strikes (+7 to AC).
   Int:       It affects your intelligence (+7).
   SInv:      It lets you see invisible.
   +Rage:     It lets you go berserk.
 q - the +8 autumn katana {vorpal, Clar}
   (You took it off a deep elf high priest on level 3 of the Elven Halls)

   It inflicts extra damage upon your enemies.
   Clar:      It protects you against confusion.
 t - the +12 glaive of Prune {vorpal}
   (You found it on level 5 of a ziggurat)

   It inflicts extra damage upon your enemies.
Missiles
 m - 11 silver javelins
 E - 15 throwing nets
Armour
 c - a +3 buckler of resistance (worn)
 h - the +2 troll leather armour of Defiance (worn) {rC+ Regen+ MP+9 Dex+2}
   (You found it on level 16 of a ziggurat)

   Dex:       It affects your dexterity (+2).
   rC:        It protects you from cold.
   MP:        It affects your magic capacity (+9).
   Regen:     It increases your rate of health regeneration.
 o - a +2 pair of gloves (worn)
 y - the +27 Lear's hauberk
   (You found it on level 9 of a ziggurat)
 F - the +1 hat of Anaesthesia (worn) {rElec Str+3}
   (You found it on level 1 of the Lair of Beasts)

   Str:       It affects your strength (+3).
   rElec:     It insulates you from electricity.
 Q - +7 swamp dragon scales
 S - the +4 robe of Folly {Brilliance Will-∞ Int+8}
   (You found it on level 13 of a ziggurat)

   It increases the power of your magical spells.
   It halves the magic cost of your spells (rounding up).
   It reduces your willpower to zero.
   Int:       It affects your intelligence (+8).
 V - a scarf of resistance (worn)
 X - a +2 tower shield of protection
Magical Staves
 d - a staff of earth (weapon)
 s - a staff of conjuration
Jewellery
 l - the ring of Otatwovo (right hand) {rCorr MP+9 Str+6}
   (You acquired it on level 2 of the Orcish Mines)

   [ring of strength]

   Str:       It affects your strength (+6).
   MP:        It affects your magic capacity (+9).
   rCorr:     It protects you from acid and corrosion.
 B - the ring "Tub Cuwam" {rC+ Will+ rCorr}
   (You acquired it on level 1 of the Elven Halls)

   [ring of protection from cold]

   rC:        It protects you from cold.
   rCorr:     It protects you from acid and corrosion.
   Will:      It increases your willpower.
 G - the ring "Zusenito" {rC+ rN+ Str-3 Int+4}
   (You found it on level 12 of a ziggurat)

   [ring of protection from cold]

   Str:       It affects your strength (-3).
   Int:       It affects your intelligence (+4).
   rC:        It protects you from cold.
   rN:        It protects you from negative energy.
 L - the amulet "Peono" (around neck) {Regen+ MP+9}
   (You found it on level 7 of the Dungeon)

   [amulet of regeneration]

   MP:        It affects your magic capacity (+9).
   Regen:     It increases your rate of health regeneration.
 P - the ring "Zar Qed" {Wiz Dex+4}
   (You found it on level 3 of the Depths)

   [ring of wizardry]

   It improves your spell success rate.
   Dex:       It affects your dexterity (+4).
 Y - a +6 ring of intelligence (left hand)
Wands
 M - a wand of acid (37)
 O - a wand of iceblast (44)
Scrolls
 e - 2 scrolls of silence
 g - 29 scrolls of teleportation
 n - a scroll of amnesia
 v - a scroll of enchant weapon
 A - 7 scrolls of blinking
 D - 3 scrolls of immolation
 H - 8 scrolls of fear
 R - 8 scrolls of fog
 T - 2 scrolls of magic mapping
 U - 3 scrolls of summoning
 W - 9 scrolls of vulnerability
Potions
 f - 23 potions of curing
 i - 4 potions of magic
 j - 2 potions of invisibility
 k - 12 potions of mutation
 p - 11 potions of haste
 r - a potion of ambrosia
 u - 9 potions of brilliance
 x - 4 potions of resistance
 z - 9 potions of lignification
 C - 6 potions of heal wounds
 K - 6 potions of cancellation
Miscellaneous
 w - a condenser vane (inert)
 I - a box of beasts (inert)
 J - a phial of floods (inert)
 N - a phantom mirror (inert)
 Z - a tin of tremorstones (2/2)


   Skills:
 - Level 12.3 Fighting
 - Level 5.0 Maces & Flails
 - Level 1.0 Throwing
 - Level 5.0 Armour
 - Level 11.9 Dodging
 - Level 1.7 Stealth
 - Level 4.0 Shields
 - Level 15.0 Spellcasting
 - Level 20.0 Conjurations
 - Level 9.0 Hexes
 - Level 3.0 Translocations
 - Level 5.0 Transmutations
 - Level 20.0 Fire Magic
 + Level 23.7 Earth Magic
 - Level 1.0 Poison Magic
 - Level 9.0 Evocations


You had 3 spell levels left.
You knew the following spells:

 Your Spells              Type           Power      Damage    Failure   Level
a - Statue Form           Tmut/Erth      82%        N/A       1%          6
b - Passage of Golubria   Tloc           N/A        N/A       3%          4
c - Iskenderun's Mystic   Conj/Tloc      92%        2d18      1%          4
e - Iron Shot             Conj/Erth      72%        9d13      0%          6
g - Shatter               Erth           75%        3d55*     8%          9
i - Ignition              Fire           58%        3d16      1%          8
k - Blink                 Tloc           N/A        N/A       1%          2
l - Invisibility          Hex            41%        N/A       4%          6
m - Mephitic Cloud        Conj/Pois/Air  75%        N/A       1%          3
H - Swiftness             Air            32%        N/A       3%          3
P - Passwall              Tmut/Erth      100%       N/A       0%          2

Your spell library contained the following spells:

 Spells                   Type           Power      Damage    Failure   Level
 Foxfire                  Conj/Fire      100%       2x1d9     0%          1
 Magic Dart               Conj           100%       1d8       0%          1
 Sandblast                Erth           100%       2d20      0%          1
 Shock                    Conj/Air       100%       1d9       0%          1
 Searing Ray              Conj           100%       3d7       0%          2
 Conjure Flame            Conj/Fire      100%       6-21      0%          3
 Dazzling Flash           Conj/Hex       100%       N/A       0%          3
 Inner Flame              Hex/Fire       100%       N/A       0%          3
 Stone Arrow              Conj/Erth      100%       3d13      0%          3
 Animate Skeleton         Necr           64%        N/A       1%          1
 Apportation              Tloc           100%       N/A       1%          1
 Beastly Appendage        Tmut           100%       N/A       1%          1
 Corona                   Hex            92%        N/A       1%          1
 Freeze                   Ice            100%       1d11      1%          1
 Pain                     Necr           100%       1d9       1%          1
 Sting                    Tmut/Pois      100%       1d8       1%          1
 Corpse Rot               Necr/Air       N/A        N/A       1%          2
 Ensorcelled Hibernation  Hex/Ice        100%       N/A       1%          2
 Poisonous Vapours        Pois/Air       72%        N/A       1%          2
 Slow                     Hex            83%        N/A       1%          2
 Sublimation of Blood     Necr           16%        N/A       1%          2
 Wereblood                Tmut           65%        N/A       1%          2
 Confusing Touch          Hex            83%        N/A       1%          3
 Gell's Gravitas          Tloc           27%        N/A       1%          3
 Ignite Poison            Fire/Tmut/Pois 82%        N/A       1%          3
 Lesser Beckoning         Tloc           27%        N/A       1%          3
 Portal Projectile        Hex/Tloc       100%       N/A       1%          3
 Spider Form              Tmut/Pois      27%        N/A       1%          3
 Teleport Other           Tloc           55%        N/A       1%          3
 Tukima's Dance           Hex            83%        N/A       1%          3
 Call Canine Familiar     Summ           32%        N/A       3%          3
 Frozen Ramparts          Ice            64%        1d8       3%          3
 Ozocubu's Armour         Ice            32%        N/A       3%          3
 Vampiric Draining        Necr           16%        2d8       3%          3
 Leda's Liquefaction      Hex/Erth       65%        N/A       0%          4
 Bolt of Magma            Conj/Fire/Erth 72%        4d28      0%          5
 Fireball                 Conj/Fire      58%        3d22      0%          5
 Iskenderun's Battlesphe  Conj           100%       2d15      0%          5
 Lee's Rapid Deconstruct  Erth           75%        3d35*     0%          5
 Animate Armour           Summ/Erth      100%       N/A       1%          4
 Cause Fear               Hex            41%        N/A       1%          4
 Fulminant Prism          Conj/Hex       51%        3d23      1%          4
 Hailstorm                Conj/Ice       87%        3d17      1%          4
 Petrify                  Tmut/Erth      100%       N/A       1%          4
 Freezing Cloud           Conj/Ice/Air   36%        6-21      1%          5
 Lightning Bolt           Conj/Air       43%        1d63      1%          5
 Yara's Violent Unravell  Hex/Tmut       37%        3d15      1%          5
 Starburst                Conj/Fire      58%        8x6d15    1%          6
 Orb of Destruction       Conj           58%        9d17      1%          7
 Lehudib's Crystal Spear  Conj/Erth      72%        10d16     1%          8
 Conjure Ball Lightning   Conj/Air       43%        3x3d15    2%          6
 Ice Form                 Ice/Tmut       52%        N/A       4%          4
 Blade Hands              Tmut           32%        N/A       4%          5
 Silence                  Hex/Air        31%        N/A       5%          5
 Alistair's Intoxication  Tmut/Pois      36%        N/A       10%         5
 Manifold Assault         Tloc           55%        N/A       10%         5
 Airstrike                Air            16%        N/A       13%         4
 Summon Ice Beast         Ice/Summ       32%        N/A       13%         4
 Summon Lightning Spire   Summ/Air       32%        N/A       13%         4
 Summon Forest            Summ/Tloc      22%        N/A       19%         5
 Agony                    Necr           32%        N/A       34%         5
 Excruciating Wounds      Necr           16%        N/A       34%         5
 Eringya's Noxious Bog    Tmut/Pois      27%        N/A       52%         6
 Dragon Form              Tmut           32%        N/A       83%         7
 Shadow Creatures         Summ           N/A        N/A       91%         6
 Simulacrum               Ice/Necr       16%        N/A       91%         6
 Discord                  Hex            41%        N/A       92%         8
 Malign Gateway           Summ/Tloc      22%        N/A       100%        7
 Ozocubu's Refrigeration  Ice            16%        4d8       100%        7
 Summon Hydra             Summ           16%        N/A       100%        7
 Maxwell's Capacitive Co  Air            16%        ∞         100%        8
 Dragon's Call            Summ           16%        N/A       100%        9
 Polar Vortex             Ice            16%        N/A       100%        9


Dungeon Overview and Level Annotations

Branches:
Dungeon (15/15)            Temple (1/1) D:7            Lair (6/6) D:10
 Shoals (4/4) Lair:4       Spider (4/4) Lair:4        Slime (0/5) Lair:5
    Orc (2/2) D:12            Elf (3/3) Orc:2        Vaults (4/5) D:14
  Crypt (0/3) Vaults:3     Depths (5/5) D:15            Zot (0/5) Depths:5
Ossuary (visited)         Volcano (visited)         Gauntlet (visited)

Altars:
Ashenzari
Cheibriados
Dithmenos
Elyvilon
Fedhas
Gozag
Hepliaklqana
Kikubaaqudgha
Makhleb
Nemelex Xobeh
Okawaru
Qazlal
Ru
Sif Muna
Trog
Uskayaw
Vehumet
Wu Jian
Xom
Yredelemnul
Zin
The Shining One
Beogh
Jiyva

Shops:
D:6 ?   D:7 (   D:9 =   Orc:2 [((??   Elf:3 (   Lair:1 [:[[=!?*?[   Vaults:2 (
Vaults:4 ?   Depths:4 *[:=:

Portals:
Hell: Depths:1 Depths:2 Depths:3 Depths:4 Depths:5
Abyss: Depths:3 Depths:4
Pandemonium: Depths:3 Depths:5

Annotations:
D:11 exclusion: upstairs


Innate Abilities, Weirdness & Mutations

You have hooves in place of feet.
You are completely covered in molten scales. (AC +4, rF+)
Your demonic aura causes all spilled blood to erupt in flames.
You are completely covered in sharp spines.
Your magical and physical power is greatly enhanced at high health.
You often lose your temper in combat.
Armour fits poorly on your strangely shaped body.
Your body often deteriorates upon taking damage.
You are covered in fur. (AC +1)
Your spells are a little easier to cast, but a little less powerful.
You sometimes lose the ability to read scrolls when taking damage.


Message History

Ydduagar is moderately wounded.
Ydduagar is knocked back by the mystic blast.
You can read scrolls again.
Casting: Iskenderun's Mystic Blast (safe; 1% risk of failure)
Confirm with . or Enter, or press ? or * to list all spells.
You feel a strong surge of power!
The dungeon rumbles!
Ydduagar is moderately wounded.
The cyan very ugly thing is almost dead.
Ka-crash!
Your resistance to elements expires.
Something moans, "Give in, thou dankish spleeny measle!"
You hear a horrible gurgling sound!
Ydduagar is distracted by your dazzling golden aura.
You hear a horrible gurgling sound!
Something stings you!!!
You feel threatened and lose the ability to read scrolls!
* * * LOW HITPOINT WARNING * * *
The cyan very ugly thing is engulfed in blazing flames.
You kill the cyan very ugly thing!
Ydduagar sneers, "Thy spine shall be my junket!"
Training target 15.0 for Spellcasting reached!
Your Spellcasting skill increases to level 15! [a] - 504 gold - brilliance, magic, invisibility and might [b] - 486 gold - resistance and invisibility [c] - 330 gold - haste and heal wounds Purchase which effect?
You feel yourself speed up.
You feel much better.
Something screeches, "Embrace thy failure, thou tasty refection!"
You hear a roar!
Something whispers, "Embrace thy failure, thou skyhacking mumble-news death-token!"
You hear a horrible gurgling sound!
Qigeavol comes into view. It is armed with a flaming touch.
Something stings you!!
* * * LOW HITPOINT WARNING * * *
Qigeavol is engulfed in seething chaos.
Yqishipn comes into view. It is armed with a distorting touch.
Something stings you!!!
You die...
Your body crumbles into a pile of gold.

▓...........▓
▓..........§▓▓▓▓▓▓▓▓▓▓
.≈≈≈.....§§≈§........▓
.≈8≈....§≈.§§........▓
.≈≈≈.....≈≈≈.........▓
§....................▓
§.............&......▓
..§......§§.☼.°☼°§..∩▓
.§.......&§.°☼{§@§...▓
.........§§.○$.☼☼☼...▓
.≈≈≈....§§≈&.........▓
.≈8≈.....§.≈.........▓
.≈≈≈.....≈≈≈.........▓
▓...........▓▓▓▓▓▓▓▓▓▓
▓...........▓ ..


You could see Qigeavol (fast, agile), Ydduagar (fast, agile) and Yqishipn
(clouds).

Vanquished Creatures
  A dread lich (Vaults:4)
  Mara (Spider:3)
  An ancient lich (Depths:4)
  A juggernaut (Zig:11)
  4 royal mummies
  Bai Suzhen (Spider:3)
  3 Killer Klowns
  Saint Roka (Vaults:3)
  2 caustic shrikes
  4 pandemonium lords
  2 golden dragons (Depths:5)
  Nikola (Depths:3)
  2 Brimstone Fiends (Zig:14)
  A bone dragon (Depths:5)
  An iron giant (Zig:7)
  Jorgrun (Shoals:1)
  An Ice Fiend (Zig:14)
  Rupert (D:13)
  2 Hell Sentinels
  5 liches
  3 deep elf blademasters
  A quicksilver dragon (Zig:10)
  2 titans (Zig:11)
  6 sphinxes
  5 acid blobs
  Polyphemus (Shoals:2)
  2 tentacled starspawn (Abyss:2)
  4 deep elf master archers
  An Executioner (Zig:14)
  Kirke (D:14)
  A shadow dragon (Depths:5)
  6 tengu reavers
  Roxanne (Shoals:3)
  2 draconian monks (Depths:5)
  A rockslime (Zig:9)
  Ilsuiw (Shoals:2)
  A nagaraja (Zig:12)
  2 azure jellies (Zig:9)
  12 frost giants
  14 fire giants
  3 corrupters
  2 iron dragons
  A draconian scorcher (Depths:5)
  5 emperor scorpions
  9 ghost moths
  2 balrugs (Zig:14)
  2 warmongers (Zig:14)
  5 deep elf sorcerers
  Aizul (Shoals:3)
  3 orc warlords
  4 deep elf elementalists
  4 cacodemons
  6 vault wardens
  7 war gargoyles
  A reaper (Abyss:2)
  An angel (Zig:10)
  A caustic shrike skeleton (Zig:16)
  A blood saint (Zig:14)
  A spriggan defender (Depths:3)
  23 very ugly things
  The ghost of Juirae the Grappler, a journeyman TrMo of Wu Jian (Lair:4)
  A juggernaut skeleton (Zig:6)
  29 ironbound preservers
  3 quicksilver oozes
  The ghost of sanka the Zephyrmancer, a journeyman NaAE of Okawaru (Lair:4)
  13 stone giants
  3 vampire knights
  The ghost of Raneoc the Severer, a journeyman MiFi of Okawaru (Lair:4)
  10 deep elf annihilators
  6 deep elf demonologists
  3 black draconians (Depths:5)
  A black sun (Zig:13)
  Nessos (D:14)
  A yellow draconian (Zig:10)
  A dire elephant (Zig:8)
  A purple draconian (Zig:10)
  3 minotaurs
  2 white draconians (Depths:5)
  8 entropy weavers
  The ghost of Pios Xaciraj the Destroyer, a journeyman DgWz (D:14)
  A red draconian (Depths:5)
  6 spark wasps
  4 crystal guardians
  A merfolk javelineer (Shoals:4)
  4 deep elf death magi (Elf:3)
  8 mummy priests
  The ghost of Kuidesed the Thaumaturge, a journeyman DrCj of Vehumet (Lair:1)
  11 ettins
  2 green deaths (Zig:14)
  9 fire dragons
  6 merfolk impalers
  11 great orbs of eyes
  The ghost of Xyudeake the Devastator, a journeyman DEFE of Vehumet (Lair:4)
  Josephine (D:14)
  11 yaktaur captains
  7 deep elf high priests
  Harold (D:11)
  A naga warrior (Zig:12)
  11 hydras
  4 salamander tyrants (Zig:12)
  6 rakshasas
  5 ice dragons
  A hell beast (Gauntlet)
  3 spriggan air magi
  8 vault guards
  11 ironbound frosthearts
  10 ironbound thunderhulks
  7 boulder beetles
  4 catoblepae
  15 two-headed ogres
  2 peacekeepers
  2 ogre magi
  4 merfolk avatars
  2 merfolk aquamancers
  11 satyrs (Shoals:4)
  16 death yaks
  17 centaur warriors
  2 death knights (D:14)
  An anaconda (Zig:12)
  11 tengu warriors
  4 death scarabs (Zig:16)
  2 deep troll shamans (Depths:1)
  9 deep troll earth magi
  3 hell hogs (Depths:2)
  4 vampire magi
  Urug (D:10)
  3 naga sharpshooters
  2 orc high priests
  2 ironbound beastmasters (Vaults:3)
  Nergalle (D:11)
  A sun demon (Depths:5)
  2 spriggan berserkers
  Sonja (D:11)
  3 shock serpents (Zig:12)
  A thrashing horror (Zig:5)
  19 hell knights
  A soul eater (Zig:2)
  2 sixfirhies
  An iron golem (Zig:7)
  9 iron trolls
  10 skeletal warriors
  20 deep elf knights
  4 wretched stars
  93 deep trolls
  A flayed ghost (Depths:5)
  9 sea snakes
  3 orange crystal statues
  11 deep elf archers
  A naga ritualist (Zig:12)
  2 phantasmal warriors
  4 obsidian statues
  8 glowing orange brains
  40 deep elf pyromancers
  19 harpies
  10 ironbound convokers
  3 lindwurms (Vaults:3)
  14 wizards
  25 orb spiders
  6 necromancers
  23 deep elf zephyrmancers
  3 oklob plants (Lair:2)
  15 orc knights
  27 wolf spiders
  An orb spider (shapeshifter) (D:15)
  58 ugly things
  6 orc sorcerers
  A faun (shapeshifter) (Zig:17)
  14 fauns
  3 cyclopes
  25 manticores
  A guardian serpent (Zig:12)
  13 merfolk sirens
  A manticore (shapeshifter) (Vaults:2)
  8 moths of wrath
  A salamander (Zig:12)
  4 elephants (Lair:6)
  3 water nymphs
  A rust devil (Depths:5)
  An elf zombie (Zig:16)
  8 black mambas
  A spectral centaur (D:10)
  An apocalypse crab (Zig:17)
  Maurice (Orc:2)
  An orange demon (Abyss:2)
  3 ice statues
  12 vault sentinels
  3 eyes of devastation (Zig:13)
  A fire giant skeleton (Zig:6)
  2 spriggan skeletons (Zig:16)
  6 gargoyles
  A titan simulacrum (Depths:1)
  5 naga magi (Zig:12)
  5 smoke demons
  Maggie (D:8)
  4 torpor snails
  11 cane toads
  2 rime drakes
  2 kobold demonologists
  2 hellions
  14 demonic crawlers
  3 freezing wraiths (D:14)
  28 yaktaurs
  A hellwing (Zig:14)
  2 tormentors (Zig:14)
  A tengu conjurer (Depths:4)
  2 efreet
  11 komodo dragons
  An ice devil (Depths:5)
  A red devil (Zig:14)
  10 trolls
  An ancient zyme (Abyss:2)
  A jumping spider (shapeshifter) (D:15)
  A shadow dragon simulacrum (Abyss:2)
  A merfolk (shapeshifter) (Depths:3)
  11 guardian mummies
  2 polar bears (Zig:8)
  11 hornets
  20 merfolk
  35 jumping spiders
  9 wind drakes
  5 large abominations
  Prince Ribbit (Lair:3)
  19 blink frogs
  6 raiju
  A fire dragon zombie (Depths:1)
  2 dream sheep (Shoals:4)
  44 slime creatures
  A snapping turtle (shapeshifter) (Zig:17)
  5 snapping turtles
  8 starcursed masses
  3 flying skulls
  2 redbacks (shapeshifter) (Zig:17)
  6 air elementals
  28 tarantellas
  6 ushabtiu (Zig:16)
  A centaur simulacrum (D:14)
  A ynoxinul (Abyss:2)
  79 redbacks
  2 spriggans (Lair:1)
  16 water elementals
  53 yaks
  A tarantella (shapeshifter) (Vaults:4)
  2 vampires (D:14)
  7 wraiths
  A yak (shapeshifter) (Elf:3)
  2 shadows
  7 basilisks
  4 fire elementals
  Grum (D:8)
  2 steam dragons (Lair:6)
  2 golden eyes
  5 hogs (D:14)
  2 neqoxecs
  3 nagas (Zig:12)
  A chaos spawn (Zig:17)
  4 swamp worms (Lair:1)
  7 vampire mosquitoes
  12 wargs
  A hell hound (Gauntlet)
  2 acid dragons
  A tengu zombie (Depths:1)
  14 water moccasins
  2 floating eyes (Depths:3)
  46 orc warriors
  A sky beast (D:6)
  A hornet zombie (D:8)
  3 ettin simulacra (Depths:2)
  An ice beast (D:7)
  2 black bears
  8 ogres
  A boggart (D:14)
  2 small abominations
  16 wolves
  15 centaurs
  A phantom (D:4)
  A kobold brigand (D:7)
  Blork the orc (D:5)
  16 bullfrogs
  A gnoll sergeant (D:9)
  A human simulacrum (Depths:1)
  6 scorpions
  5 earth elementals
  3 water moccasin skeletons
  7 killer bees (D:9)
  4 electric eels
  6 centaur zombies
  3 bullfrog zombies
  6 hounds
  2 jellies
  A quasit (Abyss:2)
  11 orc priests
  5 gnoll shamans
  3 human zombies (Ossuary)
  5 centaur skeletons
  An iguana (D:5)
  Ijyb (D:3)
  18 orc wizards
  2 lightning spires (Gauntlet)
  A killer bee zombie (D:8)
  3 hound zombies (Ossuary)
  A hound skeleton (D:2)
  28 mummies
  32 gnolls
  A howler monkey skeleton (D:10)
  A howler monkey zombie (D:10)
  6 adders
  2 white imps (D:7)
  An ufetubus (Abyss:2)
  An adder zombie (Ossuary)
  2 worms (Lair:4)
  97 orcs
  12 ball pythons
  3 bats
  5 endoplasms
  4 giant cockroaches
  4 goblins
  5 hobgoblins
  14 jackals
  4 quokkas
  4 frilled lizards
  2 gnoll zombies (Ossuary)
  A goblin zombie (Ossuary)
  A hobgoblin zombie (Ossuary)
  3 jackal zombies (Ossuary)
  10 kobolds
  5 kobold zombies (Ossuary)
  An orc zombie (Ossuary)
  5 quokka zombies (Ossuary)
  2 rats
  4 rat zombies (Ossuary)
  A starspawn tentacle (Abyss:2)
2159 creatures vanquished.

Vanquished Creatures (collateral kills)
  Erolcha (D:13)
  A yaktaur (D:13)
2 creatures vanquished.

Vanquished Creatures (others)
  A deep elf sorcerer (Elf:3)
  A deep elf elementalist (Elf:3)
  36 dancing weapons
  An ugly thing (Depths:2)
  A merfolk (Shoals:4)
  A human (D:14)
  A briar patch (Lair:1)
  5 fulminant prisms (D:11)
  30 fungi
  77 plants
  13 starspawn tentacles (Abyss:2)
  20 withered plants (Gauntlet)
187 creatures vanquished.

Grand Total: 2348 creatures vanquished

Notes
Turn   | Place    | Note
-------+----------+-------------------------------------------
     0 | D:1      | trm the Demonspawn Conjurer began the quest for the Orb.
     0 | D:1      | Reached XP level 1. HP: 13/13 MP: 3/3
   129 | D:1      | Gained mutation: You are partially covered in sharp spines.
                  | [demonic ancestry]
   129 | D:1      | Reached XP level 2. HP: 3/19 MP: 0/5
   464 | D:1      | You fall into a shaft and drop 1 floor!
   536 | D:2      | Learned a level 2 spell: Searing Ray
   748 | D:2      | Reached XP level 3. HP: 24/24 MP: 1/7
  1996 | D:2      | Found a hide-covered altar of Uskayaw.
  2065 | D:3      | Noticed Ijyb
  2067 | D:3      | Gained mutation: You have large cloven feet. [demonic
                  | ancestry]
  2067 | D:3      | Reached XP level 4. HP: 30/30 MP: 5/8
  2135 | D:3      | Killed Ijyb
  2136 | D:3      | Reached skill level 5 in Conjurations
  2477 | D:3      | Found a shimmering blue altar of Sif Muna.
  2478 | D:3      | Noticed a scorpion
  2483 | D:3      | Killed a scorpion
  2484 | D:3      | Reached XP level 5. HP: 29/35 MP: 2/10
  2650 | D:3      | Got Sif Muna's Grimoire of Poison
  2652 | D:3      | Got Sif Muna's Handbook of Transmigration
  2661 | D:3      | Learned a level 4 spell: Iskenderun's Mystic Blast
  2663 | D:3      | Learned a level 1 spell: Sting
  2712 | D:3      | Noticed a +0 dagger
  2713 | D:3      | Noticed a +0 hand axe
  2716 | D:3      | Found a hide-covered altar of Uskayaw.
  3119 | D:4      | Noticed an ogre
  3125 | D:4      | Killed an ogre
  3238 | D:4      | Gained mutation: You are mostly covered in sharp spines.
                  | [demonic ancestry]
  3238 | D:4      | Reached XP level 6. HP: 40/41 MP: 6/12
  3551 | D:4      | Found a hazy altar of Hepliaklqana.
  4027 | D:5      | Entered Level 5 of the Dungeon
  4095 | D:5      | Noticed Blork the orc
  4100 | D:5      | Killed Blork the orc
  4101 | D:5      | Reached skill level 5 in Spellcasting
  4222 | D:5      | Gained mutation: Your demonic aura sometimes causes spilled
                  | blood to erupt in flames. [demonic ancestry]
  4222 | D:5      | Reached XP level 7. HP: 46/46 MP: 9/14
  5119 | D:5      | Gained mutation: You are partially covered in molten
                  | scales. (AC +2) [demonic ancestry]
  5119 | D:5      | Reached XP level 8. HP: 52/52 MP: 10/15
  5724 | D:6      | Found Fasep's Magic Scroll Shop.
  5739 | D:6      | Bought a scroll of blinking for 90 gold pieces
  5739 | D:6      | Bought a scroll of magic mapping for 42 gold pieces
  5960 | D:6      | Reached skill level 1 in Fighting
  5960 | D:6      | Reached skill level 1 in Armour
  5960 | D:6      | Reached skill level 1 in Poison Magic
  6026 | D:6      | Reached skill level 1 in Translocations
  6026 | D:6      | Reached skill level 1 in Evocations
  6044 | D:6      | Reached skill level 1 in Throwing
  6267 | D:6      | Found a broken altar of Ashenzari.
  6268 | D:6      | Found a stormy altar of Qazlal.
  6272 | D:6      | Found a shadowy altar of Dithmenos.
  6808 | D:7      | Found a sand-covered staircase.
  6899 | Ossuary  | Entered an ossuary
  7033 | Ossuary  | Reached XP level 9. HP: 64/65 MP: 7/16
  7778 | D:7      | Found a staircase to the Ecumenical Temple.
  7787 | Temple   | Entered the Ecumenical Temple
  7999 | Temple   | Became a worshipper of Gozag Ym Sagoz the Greedy
  8043 | D:7      | Reached skill level 5 in Dodging
  8082 | D:7      | Reached skill level 5 in Fighting
  8405 | D:7      | Found Elalon's Weapon Boutique.
  9033 | D:7      | Identified the amulet "Peono" {Regen+ MP+9}
  9506 | D:8      | Reached skill level 10 in Conjurations
  9931 | D:8      | Noticed Maggie
  9942 | D:8      | Killed Maggie
  9946 | D:8      | Gained mutation: You are mostly covered in molten scales.
                  | (AC +3) [demonic ancestry]
  9946 | D:8      | Reached XP level 10. HP: 74/74 MP: 16/17
 10544 | D:8      | Noticed Grum
 10551 | D:8      | Killed Grum
 11051 | D:8      | Learned a level 4 spell: Fulminant Prism
 11249 | D:9      | Found Uxeuplat's Jewellery Shoppe.
 11258 | D:9      | Bought an amulet of the acrobat for 360 gold pieces
 11529 | D:9      | Found a sacrificial altar of Ru.
 11587 | D:9      | Found a blossoming altar of Fedhas.
 12126 | D:10     | Entered Level 10 of the Dungeon
 12381 | D:10     | Noticed Urug
 12438 | D:11     | Noticed a two-headed ogre
 12445 | D:11     | Killed a two-headed ogre
 12527 | D:11     | Noticed a manticore
 12565 | D:11     | Noticed Harold
 12576 | D:11     | Killed Harold
 12577 | D:11     | Gained mutation: Your demonic aura often causes spilled
                  | blood to erupt in flames. [demonic ancestry]
 12577 | D:11     | Reached XP level 11. HP: 64/79 MP: 7/18
 12943 | D:11     | Noticed a two-headed ogre
 12948 | D:11     | Killed a two-headed ogre
 13015 | D:11     | Noticed Sonja
 13022 | D:11     | Killed Sonja
 13023 | D:11     | Reached skill level 15 in Conjurations
 13230 | D:11     | Noticed Nergalle
 13636 | D:11     | Noticed a spectral orc warlord
 13650 | D:10     | Found a staircase to the Lair.
 13806 | Lair:1   | Entered Level 1 of the Lair of Beasts
 13845 | Lair:1   | You fall into a shaft and drop 1 floor!
 14490 | Lair:1   | Found a transporter.
 14494 | Lair:1   | Found a runed translucent door.
 14542 | Lair:1   | Noticed Kuidesed's ghost (journeyman DrCj)
 14546 | Lair:1   | Identified the +4 trident of Fedoebb {spect, +Rage rCorr
                  | Str+5 Dex-2}
 14702 | Lair:1   | Found a transporter.
 15362 | Lair:2   | Reached XP level 12. HP: 84/86 MP: 14/22
 17136 | Lair:2   | Noticed a catoblepas
 17155 | Lair:2   | Killed a catoblepas
 18279 | Lair:3   | Identified the +8 flail of Earthquakes {protect, +Rage
                  | Int+7 SInv}
 18302 | Lair:3   | Learned a level 2 spell: Passwall
 18305 | Lair:3   | Found a dark tunnel.
 18314 | Volcano  | Entered a volcano
 18757 | Volcano  | Noticed a stone giant
 18766 | Volcano  | Killed a stone giant
 19030 | Lair:3   | Learned a level 5 spell: Lee's Rapid Deconstruction
 19113 | Lair:3   | Noticed a catoblepas
 19127 | Lair:3   | Killed a catoblepas
 19128 | Lair:3   | Reached skill level 2 in Earth Magic
 19241 | Lair:3   | Noticed a seven-headed hydra
 19251 | Lair:3   | Killed a seven-headed hydra
 19252 | Lair:3   | Reached skill level 3 in Earth Magic
 19482 | Lair:3   | Noticed Prince Ribbit
 19489 | Lair:3   | Killed Prince Ribbit
 19493 | Lair:3   | Reached skill level 4 in Earth Magic
 20061 | Lair:4   | Reached skill level 5 in Earth Magic
 20195 | Lair:4   | Found a staircase to the Shoals.
 20275 | Lair:4   | Noticed a five-headed hydra
 20282 | Lair:4   | Killed a five-headed hydra
 20340 | Lair:4   | Gained mutation: You have hoof-like feet. [demonic
                  | ancestry]
 20340 | Lair:4   | Reached XP level 13. HP: 91/91 MP: 14/25
 20423 | Lair:4   | Found a runed translucent gate.
 20424 | Lair:4   | Found a runed translucent gate.
 20425 | Lair:4   | Found a runed translucent gate.
 20426 | Lair:4   | Noticed sanka's ghost (journeyman NaAE)
 20426 | Lair:4   | Noticed Juirae's ghost (journeyman TrMo)
 20426 | Lair:4   | Noticed Xyudeake's ghost (journeyman DEFE)
 20426 | Lair:4   | Noticed Raneoc's ghost (journeyman MiFi)
 20452 | Lair:4   | Reached skill level 6 in Earth Magic
 20647 | Lair:4   | Reached skill level 7 in Earth Magic
 20733 | Lair:4   | Found a hole to the Spider Nest.
 20816 | Lair:4   | Reached skill level 8 in Earth Magic
 22044 | Lair:4   | Identified the +5 leather armour of the Villain {-Tele
                  | rElec Str+4}
 22149 | Lair:5   | Reached skill level 1 in Shields
 22939 | Lair:5   | Reached skill level 9 in Earth Magic
 23356 | Lair:5   | Found a staircase to the Slime Pits.
 23357 | Lair:5   | Found a viscous altar of Jiyva.
 23918 | Lair:5   | Identified the +9 dagger of Tudadaff {speed, rCorr Int+5}
 23956 | Lair:6   | Entered Level 6 of the Lair of Beasts
 24190 | Lair:6   | Reached skill level 10 in Earth Magic
 24741 | Lair:6   | Reached skill level 11 in Earth Magic
 24741 | Lair:6   | Reached XP level 14. HP: 74/98 MP: 1/26
 25743 | Lair:6   | Identified the +2 trident "Concordance" {drain, Str+7 Int-2
                  | Stlth+}
 26558 | Lair:1   | Killed Kuidesed's ghost
 26850 | Lair:1   | Reached skill level 12 in Earth Magic
 27026 | Lair:1   | Identified the +1 hat of Anaesthesia {rElec Str+3}
 27589 | D:11     | Killed Nergalle
 28594 | D:12     | Found a staircase to the Orcish Mines.
 29864 | Orc:1    | Entered Level 1 of the Orcish Mines
 30021 | Orc:2    | Entered Level 2 of the Orcish Mines
 30880 | Orc:2    | Reached skill level 13 in Earth Magic
 31340 | Orc:2    | Noticed Maurice
 31349 | Orc:2    | Killed Maurice
 32264 | Orc:2    | Found a staircase to the Elven Halls.
 32279 | Orc:2    | Found Zeics's Magic Scroll Boutique.
 32815 | Orc:1    | Reached skill level 14 in Earth Magic
 33722 | Orc:2    | Found Heluis's Armour Emporium.
 33722 | Orc:2    | Found Ovumoapn's Antique Weapon Shop.
 33764 | Orc:2    | Found Qogomp's Weapon Emporium.
 33764 | Orc:2    | Found Marr's Magic Scroll Shop.
 33859 | Orc:2    | Bought a scroll of enchant armour for 112 gold pieces
 33859 | Orc:2    | Bought a scroll of acquirement for 780 gold pieces
 33859 | Orc:2    | Bought a scroll of summoning for 142 gold pieces
 33859 | Orc:2    | Bought a scroll of blinking for 112 gold pieces
 33859 | Orc:2    | Bought a scroll of silence for 112 gold pieces
 33859 | Orc:2    | Bought a scroll of magic mapping for 52 gold pieces
 34213 | Orc:2    | Bought a scroll of torment for 90 gold pieces
 34213 | Orc:2    | Bought a scroll of teleportation for 36 gold pieces
 34213 | Orc:2    | Bought a scroll of magic mapping for 42 gold pieces
 34213 | Orc:2    | Bought a scroll of teleportation for 36 gold pieces
 34213 | Orc:2    | Bought a scroll of identify for 24 gold pieces
 34213 | Orc:2    | Bought a scroll of enchant armour for 90 gold pieces
 34215 | Orc:2    | Acquired the ring of Otatwovo {rCorr MP+9 Str+6}
 34216 | Orc:2    | Acquired a scarf of resistance
 34381 | D:13     | Gained mutation: Your magical and physical power is
                  | slightly enhanced at high health. [demonic ancestry]
 34381 | D:13     | Reached XP level 15. HP: 89/103 MP: 27/27
 34460 | D:13     | Noticed Rupert
 34698 | D:13     | Killed Rupert
 35149 | D:13     | Reached skill level 15 in Earth Magic
 35323 | D:13     | Noticed Erolcha
 35333 | D:13     | Killed Erolcha
 35932 | D:14     | Found a gate leading to a gauntlet.
 35944 | Gauntlet | Entered a Gauntlet
 35944 | Gauntlet | Found a transporter.
 35944 | Gauntlet | Found a transporter.
 35944 | Gauntlet | Found a transporter.
 36061 | Gauntlet | Found a transporter.
 36073 | Gauntlet | Found a transporter.
 36087 | Gauntlet | Found a transporter.
 36097 | Gauntlet | Found a transporter.
 36112 | Gauntlet | Found a transporter.
 36118 | Gauntlet | Found a transporter.
 36132 | Gauntlet | Found a transporter.
 36149 | Gauntlet | Found a transporter.
 36192 | Gauntlet | Found a transporter.
 36418 | Gauntlet | Identified the ring "Nepse" {Will+ Dex+2}
 36573 | Gauntlet | Identified the ring of Dishonour {Ice Dex+7}
 36650 | Gauntlet | Identified the +2 glaive "Boum" {drain, Int+2}
 36727 | D:14     | Learned a level 6 spell: Iron Shot
 37181 | D:14     | Found a gate to the Vaults.
 37266 | D:14     | Reached skill level 16 in Earth Magic
 37907 | D:14     | Noticed Kirke
 37912 | D:14     | Noticed Nessos
 37929 | D:14     | Killed Kirke
 38288 | D:14     | Found a portal to a secret trove of treasure.
 38305 | D:14     | Killed Nessos
 38672 | D:14     | Found a transporter.
 38704 | D:14     | Noticed Pios Xaciraj's ghost (journeyman DgWz)
 38704 | D:14     | Noticed an iron dragon
 38715 | D:14     | Noticed Josephine
 38718 | D:14     | Killed Josephine
 38725 | D:14     | Reached skill level 17 in Earth Magic
 39258 | D:14     | Found a transporter.
 40120 | D:14     | Gained mutation: You are completely covered in molten
                  | scales. (AC +4, rF+) [demonic ancestry]
 40120 | D:14     | Reached XP level 16. HP: 91/109 MP: 28/28
 40291 | D:14     | Killed Pios Xaciraj's ghost
 40336 | D:14     | Identified the amulet of Altruism {Fragile Regen+ Dex+6}
 40411 | D:15     | Entered Level 15 of the Dungeon
 41034 | D:15     | Reached skill level 18 in Earth Magic
 41053 | D:15     | Found a staircase to the Depths.
 41220 | D:15     | Identified the +0 chain mail of the Vacuum {rF+ rC- rN+}
 42659 | Spider:1 | Entered Level 1 of the Spider Nest
 42818 | Lair:4   | Killed sanka's ghost
 42822 | Lair:4   | Killed Juirae's ghost
 43108 | Lair:4   | Killed Xyudeake's ghost
 43952 | Lair:4   | Killed Raneoc's ghost
 44563 | Spider:1 | Got the Tome of Changing
 45020 | Spider:2 | Got Inna Xakk's Tome of Weightlessness and Transmutation
 45025 | Spider:2 | Learned a level 3 spell: Swiftness
 45915 | Spider:2 | Reached skill level 10 in Spellcasting
 46560 | Spider:3 | Reached skill level 5 in Evocations
 46797 | Spider:3 | Reached XP level 17. HP: 112/120 MP: 31/31
 46996 | Spider:3 | Reached skill level 5 in Armour
 47240 | Spider:3 | Noticed Mara
 47251 | Spider:3 | Killed Mara
 48930 | Spider:3 | Identified the ring of Zuppocsukk {Fly Str+2}
 49147 | Spider:4 | Entered Level 4 of the Spider Nest
 49284 | Spider:4 | Noticed Bai Suzhen
 49764 | Spider:3 | Killed Bai Suzhen
 52080 | Spider:4 | Reached skill level 10 in Fighting
 52318 | Spider:4 | Got a gossamer rune of Zot
 52893 | Shoals:1 | Entered Level 1 of the Shoals
 53327 | Shoals:1 | Reached skill level 10 in Dodging
 53331 | Shoals:1 | Gained mutation: You have hooves in place of feet. [demonic
                  | ancestry]
 53331 | Shoals:1 | Reached XP level 18. HP: 134/134 MP: 20/32
 53795 | Shoals:1 | Noticed Jorgrun
 53810 | Shoals:1 | Killed Jorgrun
 55759 | Shoals:2 | Identified the +6 tower shield of Lugonu's Wrath {-Cast
                  | Rampage Str+5}
 55998 | Shoals:2 | Noticed Polyphemus
 56004 | Shoals:2 | Killed Polyphemus
 56316 | Shoals:2 | Noticed Ilsuiw
 56331 | Shoals:2 | Killed Ilsuiw
 56867 | Shoals:2 | Learned a level 3 spell: Mephitic Cloud
 57886 | Shoals:3 | Noticed Roxanne
 57894 | Shoals:3 | Killed Roxanne
 58147 | Shoals:3 | Learned a level 6 spell: Statue Form
 58646 | D:6      | Bought a scroll of identify for 24 gold pieces
 58646 | D:6      | Bought a scroll of identify for 24 gold pieces
 58646 | D:6      | Bought a scroll of identify for 24 gold pieces
 58646 | D:6      | Bought a scroll of fear for 42 gold pieces
 58646 | D:6      | Bought a scroll of identify for 24 gold pieces
 58646 | D:6      | Bought a scroll of magic mapping for 42 gold pieces
 58932 | Shoals:4 | Entered Level 4 of the Shoals
 59086 | Shoals:4 | Reached skill level 1 in Hexes
 59089 | Shoals:4 | Reached skill level 1 in Transmutations
 59358 | Shoals:4 | Noticed Aizul
 59702 | Shoals:3 | Killed Aizul
 60316 | Shoals:4 | Reached skill level 19 in Earth Magic
 60636 | Shoals:4 | Reached XP level 19. HP: 146/146 MP: 17/33
 60981 | Shoals:4 | Identified the +6 quarterstaff of Indomitability {vorpal,
                  | Fly rN+ Stlth-}
 61479 | Shoals:4 | Got a barnacled rune of Zot
 62003 | Elf:1    | Entered Level 1 of the Elven Halls
 63645 | Elf:1    | Acquired the ring "Tub Cuwam" {rC+ Will+ rCorr}
 63904 | Elf:2    | Reached skill level 5 in Transmutations
 64211 | Elf:2    | Found a runed translucent gate.
 64212 | Elf:2    | Found a runed translucent gate.
 64212 | Elf:2    | Found a runed translucent gate.
 64542 | Elf:2    | Found a runed translucent door.
 65601 | Elf:2    | Reached skill level 5 in Hexes
 65840 | Orc:2    | Learned a level 6 spell: Invisibility
 65933 | Elf:2    | Reached skill level 1 in Fire Magic
 67408 | D:14     | You paid a toll of a +6 demon blade to enter a treasure
                  | trove
 67409 | Trove    | Entered a treasure trove
 67451 | Trove    | Identified the amulet "Fyonti" {Spirit rF+ Str+2 SInv
                  | Stlth+}
 67453 | Trove    | Identified the amulet "Tuisypt" {Acrobat Slay+2}
 67517 | D:14     | Reached XP level 20. HP: 154/154 MP: 35/35
 67873 | D:10     | Killed Urug
 68556 | D:10     | Identified the +4 spear of the End of Times {freeze, rN++}
 68762 | Elf:3    | Entered Level 3 of the Elven Halls
 68873 | Elf:3    | Acquired a +0 buckler of resistance
 69076 | Elf:3    | Reached skill level 5 in Fire Magic
 69424 | Elf:3    | Found Zailoasch's Antique Weapon Shoppe.
 70073 | Elf:3    | Reached XP level 21. HP: 160/160 MP: 36/36
 70274 | Elf:3    | Identified the +7 great sword of Departure {pain, SInv}
 70274 | Elf:3    | Identified the ring "Suurch" {*Slow rElec rF+++ Dex+6
                  | Stlth-}
 71158 | Elf:3    | Got Lyore Repu's Papyrus of Warped Curses
 71162 | Elf:3    | Learned a level 2 spell: Blink
 71168 | Elf:3    | Got the Almanac of Intoxication and Changing
 72341 | Lair:1   | Bought a scroll of teleportation for 33 gold pieces
 72341 | Lair:1   | Bought a scroll of blinking for 82 gold pieces
 72341 | Lair:1   | Bought a scroll of enchant armour for 82 gold pieces
 72341 | Lair:1   | Bought a scroll of fear for 38 gold pieces
 72344 | Lair:1   | Bought a scroll of acquirement for 832 gold pieces
 72344 | Lair:1   | Bought a scroll of fog for 32 gold pieces
 72344 | Lair:1   | Bought 3 scrolls of teleportation for 144 gold pieces
 72344 | Lair:1   | Acquired 492 gold pieces
 72358 | Lair:1   | Bought a potion of ambrosia for 152 gold pieces
 72358 | Lair:1   | Bought a potion of heal wounds for 95 gold pieces
 72358 | Lair:1   | Bought a potion of haste for 190 gold pieces
 72358 | Lair:1   | Bought a potion of haste for 190 gold pieces
 72484 | Vaults:1 | Entered Level 1 of the Vaults
 73754 | Vaults:1 | Reached skill level 1 in Maces & Flails
 75463 | Vaults:1 | Reached skill level 20 in Earth Magic
 75885 | Vaults:1 | Reached XP level 22. HP: 167/167 MP: 37/37
 75887 | Vaults:1 | Reached skill level 5 in Maces & Flails
 78613 | Vaults:2 | Found Baefrog's Weapon Boutique.
 81854 | Vaults:3 | Reached skill level 21 in Earth Magic
 82024 | Vaults:3 | Noticed Saint Roka
 82032 | Vaults:3 | Killed Saint Roka
 82106 | Vaults:3 | Cast into level 2 of the Abyss (a wizard)
 82720 | Vaults:3 | Escaped the Abyss
 82898 | Vaults:3 | Found a staircase to the Crypt.
 82898 | Vaults:3 | Found an ancient bone altar of Kikubaaqudgha.
 82900 | Vaults:3 | Reached XP level 23. HP: 164/173 MP: 38/38
 82900 | Vaults:3 | Found a basalt altar of Yredelemnul.
 83650 | Vaults:4 | Noticed a dread lich
 83654 | Vaults:4 | Killed a dread lich
 86511 | Vaults:4 | Reached skill level 22 in Earth Magic
 87016 | Vaults:4 | Found Titoh's Magic Scroll Emporium.
 87052 | Vaults:4 | Bought a scroll of blinking for 105 gold pieces
 87052 | Vaults:4 | Bought a scroll of summoning for 133 gold pieces
 87052 | Vaults:4 | Bought a scroll of enchant armour for 105 gold pieces
 87052 | Vaults:4 | Bought a scroll of summoning for 133 gold pieces
 87807 | Lair:1   | Bought a wand of acid (6) for 160 gold pieces
 87807 | Lair:1   | Bought a pitted leather armour for 140 gold pieces
 87807 | Lair:1   | Identified the +0 leather armour "Denam" {-Cast Regen+
                  | Str+5} (You bought it in a shop on level 1 of the Lair of
                  | Beasts)
 87962 | Depths:1 | Entered Level 1 of the Depths
 88039 | Depths:1 | Found a gateway to Hell.
 88170 | Depths:1 | Found a flickering gateway to a bazaar.
 88189 | Bazaar   | Entered a bazaar
 88189 | Bazaar   | Found Kiuc's Book Boutique.
 88189 | Bazaar   | Found Zeraruj's General Store.
 88189 | Bazaar   | Found Lien's Book Shop.
 88189 | Bazaar   | Found Peitekuo's Antique Weapon Shoppe.
 88191 | Bazaar   | Found Voto's Magic Scroll Emporium.
 88210 | Bazaar   | Bought a book of Fire for 704 gold pieces
 88257 | Bazaar   | Bought a scroll of acquirement for 728 gold pieces
 88257 | Bazaar   | Bought 3 scrolls of enchant armour for 315 gold pieces
 88263 | Bazaar   | Bought a potion of curing for 36 gold pieces
 88263 | Bazaar   | Bought a potion of brilliance for 48 gold pieces
 88263 | Bazaar   | Bought a scroll of amnesia for 42 gold pieces
 88296 | Depths:1 | Learned a level 8 spell: Ignition
 90487 | Depths:2 | Reached skill level 10 in Fire Magic
 90487 | Depths:2 | Gained mutation: Your demonic aura causes all spilled blood
                  | to erupt in flames. [demonic ancestry]
 90487 | Depths:2 | Reached XP level 24. HP: 172/179 MP: 35/38
 92649 | Depths:3 | Found a transporter.
 93077 | Depths:3 | Found a one-way gate leading to the halls of Pandemonium.
 93279 | Depths:3 | Found a transporter.
 93333 | Depths:3 | Noticed Nikola
 93337 | Depths:3 | Killed Nikola
 93728 | Depths:3 | Identified the ring "Cicum" {rC+ rN+ Str+3 Int-2}
 94416 | Depths:3 | Found a one-way gate to the infinite horrors of the Abyss.
 94752 | Depths:3 | Found a bloodstained altar of Trog.
 95000 | Depths:3 | Identified the ring "Feof" {rElec rF- rC+ Slay+6 SInv}
 95079 | Depths:3 | Identified the ring "Zar Qed" {Wiz Dex+4}
 95398 | Depths:3 | Acquired 1135 gold pieces
 95399 | Depths:3 | Acquired 1080 gold pieces
 95439 | Depths:3 | Identified the +6 executioner's axe "Niopotte" {drain, rN+}
 95851 | Depths:4 | Found Edex's General Store.
 95856 | Depths:4 | Found Dutaif's Antique Armour Emporium.
 95859 | Depths:4 | Bought a scroll of blinking for 105 gold pieces
 96496 | Depths:4 | Found Foekhlaj's Book Emporium.
 96496 | Depths:4 | Found Owoll's Jewellery Boutique.
 96497 | Depths:4 | Found Cusmehatto's Book Emporium.
 96563 | Depths:4 | Reached skill level 15 in Fire Magic
 96733 | Depths:4 | Identified the ring of the Three Ziggurats {EV+4 Str+4}
 97309 | Depths:4 | Paralysed by an air elemental for 1 turns
 97645 | Depths:4 | Noticed an ancient lich
 97647 | Depths:4 | Killed an ancient lich
 97649 | Depths:4 | Gained mutation: Your magical and physical power is
                  | enhanced at high health. [demonic ancestry]
 97649 | Depths:4 | Reached XP level 25. HP: 184/185 MP: 30/38
 97655 | Depths:4 | Identified the +3 leather armour of the Fiend {Drain Will-
                  | Regen+ Str+9}
 98016 | Depths:4 | Bought a book of the Earth for 480 gold pieces
 98318 | Orc:2    | Learned a level 9 spell: Shatter
 98860 | Depths:5 | Entered Level 5 of the Depths
100277 | Depths:5 | Found a gateway to a ziggurat.
100708 | Depths:5 | Found a gate to the Realm of Zot.
101615 | Zig:1    | Entered Level 1 of a ziggurat
101712 | Zig:2    | Entered Level 2 of a ziggurat
101807 | Zig:3    | Entered Level 3 of a ziggurat
101809 | Zig:3    | Found the +3 Elemental Staff {rElec rF++ rC++ Will++ AC+5}
101918 | Zig:3    | Gained mutation: Armour fits poorly on your strangely
                  | shaped body. [mutagenic glow]
101923 | Zig:4    | Entered Level 4 of a ziggurat
101937 | Zig:4    | Gained mutation: You are covered in fur. (AC +1) [mutagenic
                  | glow]
101985 | Zig:4    | Gained mutation: Your body sometimes deteriorates upon
                  | taking damage. [mutagenic glow]
102102 | Zig:5    | Entered Level 5 of a ziggurat
102108 | Zig:5    | Found the +12 glaive of Prune {vorpal}
102190 | Zig:5    | Identified the +2 kite shield "Tolulauck" {rN+ Regen+
                  | Dex-5}
102212 | Zig:6    | Entered Level 6 of a ziggurat
102215 | Zig:6    | Noticed a royal mummy
102218 | Zig:6    | Killed a royal mummy
102382 | Zig:6    | Identified the +6 lajatang "Zufianis" {elec, rCorr Int+3}
102387 | Zig:6    | Identified the +6 spear "Beastslayer" {vorpal, rF- Str+7
                  | Int+4 Dex+2}
102391 | Zig:7    | Entered Level 7 of a ziggurat
102617 | Zig:7    | Identified the +0 long sword of Tension {spect, Str+2}
102624 | Zig:8    | Entered Level 8 of a ziggurat
102703 | Zig:8    | Identified the +4 plate armour of Carved Surprise {*Slow
                  | rF+ rN+ Str+2}
102757 | Zig:9    | Entered Level 9 of a ziggurat
102767 | Zig:9    | Found the +27 Lear's hauberk
102787 | Zig:9    | Gained mutation: You tend to lose your temper in combat.
                  | [mutagenic glow]
102823 | Zig:9    | Gained mutation: Your spells are a little easier to cast,
                  | but a little less powerful. [mutagenic glow]
102905 | Zig:9    | Gained mutation: Your magical and physical power is greatly
                  | enhanced at high health. [demonic ancestry]
102905 | Zig:9    | Reached XP level 26. HP: 192/192 MP: 38/38
102945 | Zig:10   | Entered Level 10 of a ziggurat
103166 | Zig:10   | Got the Compendium of Unholy Magic and Orientation
103200 | Zig:11   | Entered Level 11 of a ziggurat
103220 | Zig:11   | Noticed a juggernaut
103231 | Zig:11   | Killed a juggernaut
103231 | Zig:11   | Noticed a juggernaut
103250 | Zig:11   | Noticed a juggernaut
103257 | Zig:11   | Found the +8 whip "Snakebite" {venom, curare, rPois}
103259 | Zig:11   | Identified the +5 long sword of the Equator {protect, Fly
                  | rPois rC++ Will-}
103261 | Zig:11   | Identified the ring "Leqakikh" {Drain *Slow rPois Str+2
                  | Int+5}
103264 | Zig:11   | Identified the ring of Zylemuju {Will- rCorr AC+4 SInv}
103267 | Zig:12   | Entered Level 12 of a ziggurat
103321 | Zig:12   | Gained mutation: You are completely covered in sharp
                  | spines. [demonic ancestry]
103321 | Zig:12   | Reached XP level 27. HP: 171/198 MP: 11/38
103528 | Zig:12   | Identified the ring "Zusenito" {rC+ rN+ Str-3 Int+4}
103544 | Zig:13   | Entered Level 13 of a ziggurat
103584 | Zig:13   | Found the +4 robe of Folly {Brilliance Will-∞ Int+8}
103802 | Zig:13   | Identified the ring "Xouqiho" {Fly rN+ Int+2}
103834 | Zig:14   | Entered Level 14 of a ziggurat
103853 | Zig:14   | Noticed Woed the pandemonium lord
103879 | Zig:14   | Killed Woed the pandemonium lord
104088 | Zig:14   | Identified the +0 leather armour of the Cricket {rPois}
104103 | Zig:14   | Identified the +3 scale mail of the Heavens {Drain rElec
                  | rC- Will+++}
104120 | Zig:14   | Identified the +0 leather armour of Reasonable Beauty
                  | {*Corrode rF- Str+7}
104134 | Zig:14   | Identified the ring of Hedonism {Ice rCorr}
104184 | Zig:14   | Identified the +0 arbalest "Huidikev" {venom, rElec Will+
                  | Str+5}
104195 | Zig:15   | Entered Level 15 of a ziggurat
104232 | Zig:15   | Reached skill level 23 in Earth Magic
104476 | Zig:15   | Identified the ring of Descent {rC+ Str+4 Dex+2}
104486 | Zig:15   | Identified the +7 falchion "Toyle Ceo" {vorpal, rC+}
104493 | Zig:15   | Identified the +9 shortbow of Floods {vorpal, rN+ Will+
                  | Int+4 Dex-4}
104495 | Zig:15   | Identified the +3 quarterstaff "Hydra's Curse" {chaos,
                  | rPois Str-2 Int+2}
104497 | Zig:15   | Identified the +2 long sword "Riqacor" {vorpal, rC+}
104519 | Zig:16   | Entered Level 16 of a ziggurat
104536 | Zig:16   | Noticed a royal mummy
104536 | Zig:16   | Noticed a royal mummy
104537 | Zig:16   | Noticed a royal mummy
104539 | Zig:16   | Killed a royal mummy
104551 | Zig:16   | Killed a royal mummy
104556 | Zig:16   | Killed a royal mummy
104777 | Zig:16   | Found the +14 obsidian axe {vorpal, Drain Fly SInv}
104829 | Zig:16   | Learned a level 6 spell: Statue Form
104836 | Zig:16   | Learned a level 4 spell: Passage of Golubria
104842 | Zig:16   | Identified the +2 troll leather armour of Defiance {rC+
                  | Regen+ MP+9 Dex+2}
104912 | Zig:16   | Identified the +1 dagger "Diotiorr" {flame, rPois rN+ SInv}
104913 | Zig:16   | Identified the ring "Umuteup" {Fly Str+6 Slay+3}
105005 | Zig:17   | Entered Level 17 of a ziggurat
105024 | Zig:17   | Noticed Hubioc the pandemonium lord
105024 | Zig:17   | Noticed Ovamauzoe the pandemonium lord
105024 | Zig:17   | Noticed Nyilydd the pandemonium lord
105025 | Zig:17   | Noticed Miugh the pandemonium lord
105025 | Zig:17   | Noticed Zitacat the pandemonium lord
105025 | Zig:17   | Noticed Qilek the pandemonium lord
105026 | Zig:17   | Noticed Hefuoqi the pandemonium lord
105039 | Zig:17   | Killed Qilek the pandemonium lord
105053 | Zig:17   | Noticed Xuqacveck the pandemonium lord
105059 | Zig:17   | Gained mutation: Your body often deteriorates upon taking
                  | damage. [mutagenic glow]
105076 | Zig:18   | Entered Level 18 of a ziggurat
105091 | Zig:18   | Noticed Obenuutt the pandemonium lord
105106 | Zig:18   | Gained mutation: You sometimes lose the ability to read
                  | scrolls when taking damage. [mutagenic glow]
105111 | Zig:18   | Killed Obenuutt the pandemonium lord
105124 | Zig:18   | Gained mutation: You often lose your temper in combat.
                  | [mutagenic glow]
105134 | Zig:18   | Noticed Suceo the pandemonium lord
105139 | Zig:18   | Killed Suceo the pandemonium lord
105139 | Zig:18   | Noticed Ydduagar the pandemonium lord
105145 | Zig:18   | Reached skill level 15 in Spellcasting
105145 | Zig:18   | Noticed Qigeavol the pandemonium lord
105145 | Zig:18   | Noticed Yqishipn the pandemonium lord
105145 | Zig:18   | Slain by Comao the pandemonium lord

Illustrated notes

Levels and vault maps discovered:
D:1:      minmay_arrival_cross, layout_basic, st_stairs_2
D:2:      layout_basic, basic_altar
D:3:      layout_rooms, tso_altar, dancing_weapons_uskayaw,
          nicolae_sif_muna_little_library, minmay_box_of_dots, uniq_ijyb
D:4:      layout_basic, nicolae_hepliaklqana_hazy_memory, minmay_liquid_box,
          kennysheep_potato
D:5:      layout_loops_corners, minmay_puff, uniq_blork_the_orc
D:6:      layout_gridville, minitemple, serial_shops, shop,
          minmay_misc_feat_alley, grunt_decor_one_mirror,
          corexii_item_surrounded_by_moat
D:7:      layout_loops_cross, minmay_temple_entry_tees,
          nicolae_ossuary_entry_false_entrances, nicolae_inconvenience_store
D:8:      layout_basic, elyvilon_altar_1, serial_co_window_serial,
          co_window_of_opportunity_a, co_window_paths_a, co_window_corner_a,
          co_window_paths_a, co_window_corner_a, co_window_corner_ca,
          co_window_paths_c, co_window_corner_ca, co_window_4corner_b,
          co_window_paths_d, glass_columns_a, glass_columns_c, glass_columns_a,
          grunt_ministairs_1, uniq_grum, uniq_maggie
D:9:      layout_roguey, nicolae_ru_the_path_less_chosen,
          mainiacjoe_overflow_paths, serial_shops, shop, grunt_decor_cap,
          minmay_misc_feat_square
D:10:     layout_basic, lair_entry_dummy, hangedman_weighted_door,
          nicolae_straight_to_the_point, uniq_urug
D:11:     layout_cross, uniq_nergalle, uniq_harold, uniq_sonja
D:12:     layout_cave_pods, orc_0_dummy, serial_glass, glass_columns_b,
          glass_columns_c
D:13:     layout_basic, uniq_rupert, uniq_erolcha
D:14:     minmay_s_stair_smasher, layout_loops_corners,
          grunt_vaults_entry_fortified, gammafunk_ghost_berserking_beasts,
          minmay_misc_feat_x, gauntlet_entry_generic, enter_trove_2,
          uniq_nessos, uniq_kirke, uniq_josephine
D:15:     grunt_enter_depths_snipers, layout_stronghold,
          chequers_serial_rivers_small_a
Temple:   minmay_temple_bridge_abc
Lair:1:   gammafunk_worm_tunnel, layout_chaotic_city,
          ebering_ghost_funeral_grove, minmay_holes, columned_hall_lemuel
Lair:2:   layout_roguey, serial_bayou_shore_a, infiniplex_staircase_pool,
          grunt_megastairs_5, lemuel_fruit_fields, minmay_lair_oklob_chamber
Lair:3:   layout_misc_corridors, nicolae_volcano_entry_s_turn,
          uniq_prince_ribbit2
Lair:4:   layout_regular_city, minmay_shoals_entry_centaurs,
          nicolae_spider_entry_non_spiders, gammafunk_ghost_cemetery
Lair:5:   layout_regular_city, slime_altar_1
Lair:6:   gammafunk_lair_ancient_temple, layout_gridlike, serial_bayou_pond_a,
          st_stairs_5, nicolae_quartered_pool_super, lemuel_fruit_tree
Shoals:1: cheibrodos_shoals_roost, layout_shoals, uniq_jorgrun
Shoals:2: layout_shoals, uniq_ilsuiw, uniq_polyphemus
Shoals:3: layout_shoals, uniq_roxanne
Shoals:4: shoals_end_hellmonk_lost_city, serial_shops, uniq_aizul
Spider:1: layout_spider_delve
Spider:2: layout_spider_delve, nicolae_spider_wall_of_niches
Spider:3: layout_chambers, uniq_mara
Spider:4: spider_rune_water, nicolae_spider_webbed_stairs, uniq_bai_suzhen
Orc:1:    layout_diamond_mine, basic_altar
Orc:2:    st_orc_town, layout_caves, serial_shops, shop, uniq_maurice
Elf:1:    layout_rooms, kennysheep_underground_church, grunt_megastairs_4
Elf:2:    nicolae_elf_blades_crystal_corner, layout_gridlike,
          corexii_checkpoint_a, serial_sigils_hangedman_leer, minivault_13
Elf:3:    minmay_elf_hall_curves, layout_onion_city, serial_shops,
          nicolae_lakefront_shop
Vaults:1: vaults_room_door_hall, nicolae_vaults_little_squares_2, v_misc_5,
          vaults_mumra_hex, grunt_vaults_bifocal, nicolae_vaults_arrows,
          v_misc_33, st_more_cells, hangedman_vaults_snaps, v_alt_pattern_3,
          grunt_vaults_hallway_long, ontoclasm_vaults_shuriken,
          vaults_dpeg_ring, layout_vaults_omnibox
Vaults:2: v_misc_12, v_misc_25, v_misc_17, v_misc_29,
          ontoclasm_vaults_ring_large, st_squares, hangedman_vaults_impose,
          nicolae_vaults_alarming, nicolae_vaults_asterisk,
          layout_vaults_big_room, serial_shops, nicolae_square_shop
Vaults:3: vaults_room_fours, nicolae_vaults_network_star,
          hangedman_vaults_pinch, st_spiral_rooms, serial_ice_m,
          minmay_crypt_entry_necro_gods, ontoclasm_vaults_decontamination,
          nicolae_vaults_angled_halls, nicolae_vaults_twisting_passages,
          layout_vaults_quadrants, uniq_saint_roka
Vaults:4: hangedman_vaults_cutoff, v_alt_pattern_6, vaults_room_boxed,
          ontoclasm_vaults_chip, nicolae_vaults_little_squares_4, v_misc_4,
          st_octagons_1, dpeg_vaults_monster_row, nicolae_vaults_circle_grid_b,
          nicolae_vaults_rhombus_6, nicolae_vaults_little_squares_5, v_misc_16,
          layout_vaults_maze, serial_shops, nicolae_shop_waterfront
Depths:1: layout_gridlike, serial_curves, eino_curves_02, eino_curves_03,
          pf_coc_iceberg, serial_shops, bzr_firewalk, kennysheep_path_1,
          minmay_misc_feat_pillars, minmay_door_square, dk_noncrumbling_3,
          drop_trap, st_stairs_5, minmay_misc_feat_nine_boxes
Depths:2: hangedman_elemental_death_ray, layout_honeycomb,
          pf_vacation_house_of_asmodeus, corexii_leaking_fountain
Depths:3: hangedman_spin_cycle, pan_entry, hell_entry, abyss_entry, uniq_nikola
Depths:4: constructs_gauntlet_mu_hangedman, layout_cave_pools,
          infiniplex_staircase_pillars_2, grunt_hell_entry_dis_grunt,
          serial_shops, shop, nicolae_square_shop, abyss_entry,
          serial_bayou_shore_b, minmay_shop_grove
Depths:5: grunt_zot_entry_pinwheel, layout_basic, enter_ziggurat_c,
          rand_demon_pan_entry_5, serial_curves, eino_curves_03, eino_curves_01,
          hell_entry
Zig:18

Skill      XL: |  1  2  3  4  5  6  7  8  9 10 11 12 13 14 15 16 17 18 19 20 21 22 23 24 25 26 27 |
---------------+----------------------------------------------------------------------------------+-----
Spellcasting   | 3 4 5 7 8 10 11 15 | 15.0
Conjurations   | 5 6 8 9 11 14 15 16 18 20 | 20.0
Dodging        | 4 5 7 9 10 11 | 11.9
Fighting       | 4 5 7 10 11 12 | 12.3
Armour         | 1 4 5 |  5.0
Poison Magic   | 1 |  1.0
Translocations | 1 3 |  3.0
Evocations     | 1 5 9 |  9.0
Throwing       | 1 |  1.0
Earth Magic    | 5 11 14 17 18 19 20 21 22 23 | 23.7
Shields        | 4 |  4.0
Hexes          | 1 7 8 9 |  9.0
Transmutations | 3 5 |  5.0
Fire Magic     | 4 6 7 10 15 18 19 20 | 20.0
Maces & Flails | 4 5 |  5.0
Stealth        | |  1.7

Action                   |  1- 3 |  4- 6 |  7- 9 | 10-12 | 13-15 | 16-18 | 19-21 | 22-24 | 25-27 || total
-------------------------+-------+-------+-------+-------+-------+-------+-------+-------+-------++-------
Melee: Unarmed           |     6 |       |       |       |       |       |       |       |       ||     6
       Dagger            |    19 |     2 |       |       |       |       |       |       |       ||    21
       Falchion          |       |       |     6 |    35 |       |       |       |       |       ||    41
       Kick              |       |       |     2 |    18 |       |     6 |    15 |    35 |    13 ||    89
       Scimitar          |       |       |       |       |     6 |       |       |       |       ||     6
       Flail             |       |       |       |       |    25 |    64 |    27 |    15 |    21 ||   152
       Eveningstar       |       |       |       |       |       |       |    17 |   113 |    30 ||   160
       Staff             |       |       |       |       |       |       |       |     1 |     2 ||     3
       Katana            |       |       |       |       |       |       |       |       |     6 ||     6
Throw: Dart              |       |       |       |     6 |     5 |     2 |       |       |       ||    13
       Throwing net      |       |       |       |     4 |     3 |       |       |       |       ||     7
 Cast: Magic Dart        |    19 |    10 |     4 |     3 |    35 |     6 |       |       |       ||    77
       Searing Ray       |    24 |    21 |   105 |   143 |   243 |     5 |     3 |     8 |       ||   552
       Iskenderun's Myst |       |       |       |     3 |    31 |    26 |       |     1 |     8 ||    69
       Fulminant Prism   |       |       |       |     5 |       |       |       |       |       ||     5
       Lee's Rapid Decon |       |       |       |       |   105 |    12 |     8 |       |       ||   125
       Iron Shot         |       |       |       |       |    66 |   561 |   401 |   675 |   161 ||  1864
       Mephitic Cloud    |       |       |       |       |       |       |     1 |       |       ||     1
       Invisibility      |       |       |       |       |       |       |       |       |    15 ||    15
       Ignition          |       |       |       |       |       |       |       |       |    28 ||    28
       Shatter           |       |       |       |       |       |       |       |       |    18 ||    18
       Passage of Golubr |       |       |       |       |       |       |       |       |     1 ||     1
Invok: Potion Petition   |       |       |       |       |       |     1 |       |       |    16 ||    17
       Call Merchant     |       |       |       |       |       |       |     8 |     2 |       ||    10
Evoke: Wand              |       |     1 |     3 |     9 |    12 |     1 |     1 |     2 |     8 ||    37
       Tin of tremorston |       |       |       |       |       |       |       |     4 |     2 ||     6
       Condenser vane    |       |       |       |       |       |       |       |     2 |     3 ||     5
       Phial of floods   |       |       |       |       |       |       |       |       |     2 ||     2
       Phantom mirror    |       |       |       |       |       |       |       |       |     2 ||     2
       Box of beasts     |       |       |       |       |       |       |       |       |     2 ||     2
  Use: Scroll            |       |       |     1 |    10 |    16 |     9 |    20 |    10 |    18 ||    84
       Potion            |       |       |       |       |     2 |       |     1 |     1 |    19 ||    23
 Stab: Paralysed         |       |       |       |     7 |       |       |       |       |       ||     7
       Distracted        |       |       |       |       |       |     1 |       |     2 |     1 ||     4
       Invisible         |       |       |       |       |       |       |       |       |     4 ||     4
Armor: Robe              |     1 |     1 |    33 |     3 |       |       |       |       |       ||    38
       Swamp dragon scal |       |       |       |    84 |    92 |   196 |    71 |   126 |    74 ||   643
       Troll leather arm |       |       |       |       |       |       |       |       |     4 ||     4
Dodge: Dodged            |    24 |    15 |    44 |   212 |   284 |   258 |   120 |   196 |    63 ||  1216
Block: Buckler           |       |       |       |       |    66 |    87 |    46 |    63 |    29 ||   291
       Rpst.: Falchion   |       |       |     5 |    41 |       |       |       |       |       ||    46
       Scimitar          |       |       |       |     1 |     9 |       |       |       |       ||    10
